 Dungeon Crawl Stone Soup version 0.29.1-1-gd02db6906a (webtiles) character file.

Game seed: 18363049268878798600

53 Hadkhar the Gusty (level 3, 0/19 HPs)
             Began as a Deep Elf Air Elementalist on Oct 15, 2022.
             Slain by a white imp (2 damage)
             ... on level 3 of the Dungeon.
             The game lasted 00:11:15 (2099 turns).

Hadkhar the Gusty (Deep Elf Air Elementalist)       Turns: 2099, Time: 00:11:15

Health: 0/19       AC:  4    Str:  5    XL:     3   Next: 64%
Magic:  7/10       EV: 12    Int: 21    God:
Gold:   79         SH:  0    Dex: 15    Spells: 8/9 levels left

rFire   . . .      SeeInvis .   g - +0 short sword
rCold   . . .      Faith    .   (no shield)
rNeg    . . .      Spirit   .   e - +2 robe {Will+}
rPois   .          Reflect  .   (no helmet)
rElec   .          Harm     .   a - scarf {repulsion}
rCorr   .          Rampage  .   (no gloves)
Will    +....                   (no boots)
Stlth   ++........              (no amulet)
HPRegen 0.06/turn               (no ring)
MPRegen 0.12/turn               (no ring)

@: repel missiles
A: no striking features
a: no special abilities


You were on level 3 of the Dungeon.
You visited 1 branch of the dungeon, and saw 3 of its levels.

You collected 79 gold pieces.

Inventory:

Hand Weapons
 g - a +0 short sword (weapon)
Armour
 a - a scarf of repulsion (worn)
 e - a +2 robe of willpower (worn)
Scrolls
 c - a scroll of brand weapon {unknown}
 d - a scroll of butterflies {unknown}
 f - a scroll of enchant armour {unknown}
 j - a scroll of noise {unknown}
 l - a scroll of identify {unknown}
Potions
 b - a potion of magic
 h - a potion of curing {unknown}
 i - a potion of degeneration {unknown}
 k - a potion of heal wounds {unknown}
 m - a potion of might {unknown}


   Skills:
 - Level 2.4 Dodging
 + Level 3.2 Stealth
 + Level 3.6 Spellcasting
 + Level 2.0 Conjurations
 * Level 3.7 Air Magic


You had 8 spell levels left.
You knew the following spells:

 Your Spells              Type           Power      Damage    Failure   Level
a - Shock                 Conj/Air       60%        1d6       3%          1

Your spell library contained the following spells:

 Spells                   Type           Power      Damage    Failure   Level
 Static Discharge         Conj/Air       15%        3-5/arc   6%          2
 Swiftness                Air            19%        N/A       9%          3
 Airstrike                Air            9%         2d(2-18)  26%         4
 Confusing Touch          Hex            3%         N/A       36%         3
 Yara's Violent Unravell  Hex/Tmut       1%         3d3       98%         5
 Enfeeble                 Hex            1%         N/A       100%        7


Dungeon Overview and Level Annotations

Branches:
Dungeon (3/15)

Altars:
Dithmenos


Message History

The zap misses the gnoll.
The gnoll attacks as you move away! The gnoll hits you with a +0 club.
Casting: Shock (safe; 3% risk of failure)
Confirm with . or Enter, or press ? or * to list all spells.
Aiming: Shock (safe; 3% risk of failure)
Press: ? - help, Shift-Dir - straight line, f/p - gnoll
Aim: a gnoll, wielding a +0 club (heavily wounded, 75% to hit)
The zap hits the gnoll.
The gnoll is severely wounded.
The zap hits the gnoll but does no damage.
The gnoll shouts!
The gnoll hits you with a +0 club.
Your magical contamination has completely faded away.
The gnoll attacks as you move away! The gnoll closely misses you.
The gnoll attacks as you move away! The gnoll hits you but does no damage.
The gnoll attacks as you move away! The gnoll hits you with a +0 club!
* * * LOW HITPOINT WARNING * * *
There is a stone staircase leading down here.
The gnoll hits you but does no damage.
You climb downwards.
Found a pair of embroidered boots and 12 gold pieces.
There is a stone staircase leading up here.
Casting: Shock (safe; 3% risk of failure)
Confirm with . or Enter, or press ? or * to list all spells.
Aiming: Shock (safe; 3% risk of failure)
Press: ? - help, Shift-Dir - straight line That beam is likely to hit you.
Continue anyway?
Okay, then.
You hit the gnoll but do no damage.
The gnoll is severely wounded.
The white imp shouts, "Bolt, thou mewling saucy tinkerer!"
The gnoll hits you with a +0 club.
* * * LOW HITPOINT WARNING * * *
The white imp closely misses you.
You hit the gnoll.
The gnoll is severely wounded.
The gnoll barely misses you. The white imp hits you.
* * * LOW HITPOINT WARNING * * *
The white imp freezes you.
You die...

##### #...#
###...###
##..$....##
##.........##.#
.......@.[....#
##....g5...####
##.......##
###...### #.$.#
#####


You could see a gnoll and a white imp.

Vanquished Creatures
  2 adders (D:2)
  A dart slug (D:1)
  A bat (D:2)
  2 endoplasms
  2 giant cockroaches
  6 goblins (D:1)
  A hobgoblin (D:2)
  5 jackals (D:1)
  5 kobolds
  2 quokkas
  3 rats
30 creatures vanquished.

Notes
Turn   | Place    | Note
-------+----------+-------------------------------------------
     0 | D:1      | Hadkhar the Deep Elf Air Elementalist began the quest for
                  | the Orb.
     0 | D:1      | Reached XP level 1. HP: 10/10 MP: 6/6
   393 | D:1      | Reached XP level 2. HP: 15/15 MP: 2/8
  1647 | D:2      | Found a shadowy altar of Dithmenos.
  1651 | D:2      | Reached XP level 3. HP: 19/19 MP: 6/9
  2099 | D:3      | Slain by a white imp

Illustrated notes

Levels and vault maps discovered:
D:1:      evilmike_arrival_rings, layout_basic, minmay_pentomino_p2
D:2:      layout_basic, basic_altar, minmay_misc_feat_columns
D:3:      layout_loops_cross, ebering_ghost_reflecting_pool, serial_shops, shop,
          uniq_ijyb

Skill      XL: |  1  2  3 |
---------------+----------+-----
Stealth        | 3 |  3.2
Conjurations   | 2 |  2.0
Dodging        | |  2.4
Spellcasting   | |  3.6
Air Magic      | |  3.7

Action                   || total
-------------------------++-------
Melee: Dagger            ||     6
       Short sword       ||    19
 Cast: Shock             ||    54
Armor: Robe              ||    15
Dodge: Dodged            ||    38
       Repelled          ||     1
